 Dungeon Crawl Stone Soup version 0.31-a0-691-g409c26aa35 (webtiles) character file.

Game seed: 1077944921695498098

389 GloriousHammer the Ruffian (level 6, -6/46 HPs)
             Began as a Demigod Shapeshifter on Sept 6, 2023.
             Mangled by a gnoll
             ... wielding a +0 halberd
              (12 damage)
             ... on level 4 of the Dungeon.
             The game lasted 00:07:54 (3313 turns).

GloriousHammer the Ruffian (Demigod Shapeshifter)   Turns: 3313, Time: 00:07:55

Health: -6/46      AC:  8    Str: 19    XL:     6   Next: 24%
Magic:  9/9        EV:  8    Int: 16    God:
Gold:   129        SH:  0    Dex: 13    Spells: 3/5 levels left

rFire   . .          .
                       - Unarmed
rCold   . . .        (no shield)
rNeg    . . .        s - +0 chain mail
rPois   .            (helmet currently unavailable)
rElec   .            (cloak currently unavailable)
rCorr   .            (gloves currently unavailable)
SInv    .            (boots currently unavailable)
Will    .....        (no amulet) Stlth
                     (no ring)
HPRegen 0.27/turn    (no ring)
MPRegen 0.11/turn

%: no passive effects
@: confused, beast-form, ambrosia-drunk
A: beast (slay +2), high MP 1, forlorn, divine attributes
a: Begin Untransformation


You were on level 4 of the Dungeon.
You were a hulking beast.
You visited 1 branch of the dungeon, and saw 4 of its levels.

You collected 171 gold pieces.
You spent 42 gold pieces at shops.

Inventory:

Hand Weapons
 u - a +0 sling
Missiles
 w - 11 poisoned darts
 x - a boomerang
Armour
 a - a +0 animal skin
 h - a +0 pair of boots
 i - a +0 cloak
 j - a +0 helmet
 o - a +0 ring mail
 s - a +0 chain mail (worn)
Talismans
 c - a beast talisman (active)
 d - a flux talisman
Wands
 v - a wand of acid (4)
Scrolls
 e - 2 scrolls of revelation {unknown}
 l - 2 scrolls of noise {unknown}
 n - a scroll of vulnerability {unknown}
 p - 2 scrolls of identify {unknown}
 q - a scroll of amnesia {unknown}
 r - a scroll of teleportation {unknown}
Potions
 b - 3 potions of lignification
 f - a potion of degeneration {unknown}
 g - a potion of heal wounds {unknown}
 m - 5 potions of curing
 t - a potion of berserk rage {unknown}


   Skills:
 - Level 0.8 Fighting
 - Level 1.7 Dodging
 * Level 5.6 Unarmed Combat
 + Level 0.3 Spellcasting
 + Level 4.2 Shapeshifting


You had 3 spell levels left.
You knew the following spells:

 Your Spells              Type           Power      Damage    Failure   Level
a - Passwall              Tmut/Erth      0%         N/A       98%         2

Your spell library contained the following spells:

 Spells                   Type           Power      Damage    Failure   Level
 Ensorcelled Hibernation  Hex/Ice        0%         N/A       98%         2
 Swiftness                Air            0%         N/A       100%        3


Dungeon Overview and Level Annotations

Branches:
Dungeon (4/15)
 Temple: D:4-7

Shops:
D:3 (   D:4 !

Annotations:
D:4 Pikel


Innate Abilities, Weirdness & Mutations

You are a hulking beast.
Your limbs bulge with bestial killing power. (Slay +2)
You have an increased reservoir of magic. (+10% MP)
You shall have no god before yourself.
Your divine heritage dramatically boosts your attributes as you level up.


Message History

The orc hits you from afar with a +0 trident.
The orc throws a poisoned dart.
The poisoned dart closely misses you. The orc hits you with a +0 war axe!
The orc barely misses you.
You barely miss the orc. The orc hits you but does no damage.
You hit the orc.
The orc is severely wounded.
The orc barely misses you. The orc hits you with a +0 war axe.
You punch the orc!
You kill the orc!
The orc barely misses you.
You hit the orc but do no damage. The orc closely misses you.
You punch the orc!
You kill the orc!
w - 11 poisoned darts (gained 3)
Things that are here:
a +0 war axe; a +0 ring mail
Things that are here:
a +0 war axe; a +0 ring mail
Things that are here:
a +0 trident; a boomerang; an orc corpse You start resting.
HP restored.
You start waiting.
An orc is nearby!
The orc shouts!
Things that are here:
a +0 trident; a boomerang; an orc corpse
x - a boomerang The orc hits you with a +0 trident.
You punch the orc!
You kill the orc!
You see here a +0 trident.
HP restored.
Found a stone staircase leading down. 2 gnolls come into view.
The gnoll shouts! x2
A gnoll comes into view. It is wielding a +0 whip.
The gnoll shouts!
The gnoll hits you with a +0 club.
You barely miss the gnoll.
A gnoll comes into view. It is wielding a +0 flail.
The gnoll barely misses you. The gnoll hits you but does no damage.
The gnoll shouts!
You hit the gnoll.
The gnoll is moderately wounded.
The gnoll hits you from afar with a +0 halberd.
The gnoll hits you with a +0 club.
You hit the gnoll.
The gnoll is heavily wounded.
The gnoll closely misses you.
You hit the gnoll.
The gnoll is almost dead.
You hit the gnoll.
You kill the gnoll!
The gnoll hits you with a +0 whip. The gnoll barely misses you.
Things that are here:
a +0 club; a gnoll corpse You punch the gnoll!
The gnoll is severely wounded.
The gnoll closely misses you. The gnoll completely misses you.
The gnoll attacks as it pursues you! The gnoll hits you with a +0 flail.
The gnoll barely misses you.
You barely miss the gnoll. The gnoll hits you but does no damage.
The gnoll completely misses you.
You hit the gnoll.
The gnoll is moderately wounded.
The gnoll hits you with a +0 flail.
The gnoll hits you from afar with a +0 halberd.
You punch the gnoll!
The gnoll is severely wounded.
The gnoll barely misses you.
The gnoll hits you from afar with a +0 halberd.
You hit the gnoll.
You kill the gnoll!
The gnoll throws a throwing net.
The throwing net hits you.
You become entangled in the net!
You struggle against the net.
You struggle against the net.
The gnoll hits you with a +0 whip. The gnoll hits you but does no damage.
You struggle against the net.
The gnoll hits you from afar with a +0 halberd.
The gnoll hits you with a +0 whip!
* * * LOW HITPOINT WARNING * * *
You are confused.
You feel invigorated. The gnoll hits you with a +0 whip.
* * * LOW HITPOINT WARNING * * *
The gnoll hits you from afar with a +0 halberd!
* * * LOW HITPOINT WARNING * * *
You shred the net and break free! The gnoll closely misses you.
The gnoll hits you with a +0 whip.
* * * LOW HITPOINT WARNING * * *
You barely miss the gnoll.
The gnoll is heavily wounded.
The gnoll barely misses you.
The gnoll hits you from afar with a +0 halberd.
* * * LOW HITPOINT WARNING * * *
You bump into the rock wall.
The gnoll hits you with a +0 whip.
* * * LOW HITPOINT WARNING * * *
The gnoll hits you from afar with a +0 halberd!
You die...

. ..# #.### . #.# #... .#
#.# #.# ### .# #.# #.# ..#
.# #.# #.# #.# .# #.#
#####.###.### .#####.#
##............#
....##.###...##.###.##.####.
......).)..#..#.hgg.......g.
)#####).##....#####.##.###>.
†# #..###.#.# #.# # .# #..#
#.#.# #.# ## #... ..... #.#
##......... ..# ######...#
### #.##


You could see 2 gnolls.

Vanquished Creatures
  Duvessa (D:4)
  Dowan (D:4)
  A hound (D:4)
  An iguana (D:4)
  An orc wizard (D:4)
  Robin (D:4)
  5 adders
  2 gnolls (D:4)
  A worm (D:2)
  A dart slug (D:4)
  7 orcs
  2 bats (D:1)
  4 endoplasms
  A giant cockroach (D:3)
  11 goblins
  7 hobgoblins
  6 jackals (D:1)
  2 quokkas
  9 ball pythons
  A frilled lizard (D:1)
  3 kobolds
  2 rats
70 creatures vanquished.

Vanquished Creatures (others)
  A kobold (D:4)
1 creature vanquished.

Grand Total: 71 creatures vanquished

Notes
Turn   | Place    | Note
-------+----------+-------------------------------------------
     0 | D:1      | GloriousHammer the Demigod Shapeshifter began the quest for
                  | the Orb.
     0 | D:1      | Reached XP level 1. HP: 15/15 MP: 3/3
   154 | D:1      | Reached skill level 3 in Unarmed Combat
   302 | D:1      | Reached XP level 2. HP: 22/22 MP: 4/4
   999 | D:2      | Reached XP level 3. HP: 17/27 MP: 5/5
  1896 | D:3      | Reached skill level 4 in Unarmed Combat
  2232 | D:3      | Found Kidigiem's Weapon Emporium.
  2294 | D:3      | Reached XP level 4. HP: 33/34 MP: 6/6
  2364 | D:3      | Learned a level 2 spell: Passwall
  2528 | D:4      | Noticed Duvessa
  2528 | D:4      | Noticed Dowan
  2537 | D:4      | Killed Duvessa
  2538 | D:4      | Reached skill level 5 in Unarmed Combat
  2538 | D:4      | Reached XP level 5. HP: 21/39 MP: 7/7
  2544 | D:4      | Killed Dowan
  2582 | D:4      | Found Astatreq's Distillery.
  2601 | D:4      | Bought a potion of curing for 42 gold pieces
  2657 | D:4      | Noticed Pikel
  2873 | D:4      | Reached XP level 6. HP: 24/46 MP: 8/8
  3054 | D:4      | Noticed Robin
  3072 | D:4      | Killed Robin
  3313 | D:4      | Mangled by a gnoll

Illustrated notes

Levels and vault maps discovered:
D:1:      erik_arrival_triangle_large, layout_basic,
          chequers_ecumenical_altar_simple, minmay_tetromino_s4
D:2:      layout_loops_corners
D:3:      cheibrodos_helix_gallery, layout_basic,
          gammafunk_temple_overflow_wave, nzn_wu_jian_contemplation,
          serial_shops, nicolae_shop_tiny_real_fake_doors,
          kennysheep_generic_room_3
D:4:      layout_loops_ring, serial_shops, kennysheep_mini_moat, uniq_robin,
          uniq_pikel, uniq_duvessa

Skill      XL: |  1  2  3  4  5 |
---------------+----------------+-----
Unarmed Combat | 3 4 5 |  5.6
Shapeshifting  | 3 4 |  4.2
Fighting       | |  0.8
Dodging        | |  1.7
Spellcasting   | |  0.3

Action                     |  1- 3 |  4- 6 || total
---------------------------+-------+-------++-------
  Melee: Unarmed           |   116 |   102 ||   218
         Punch             |     1 |     7 ||     8
  Evoke: Wand              |       |     5 ||     5
    Use: Potion            |       |     2 ||     2
   Stab: Sleeping          |     3 |       ||     3
 Armour: Animal skin       |    26 |       ||    26
         Ring mail         |    21 |       ||    21
         Chain mail        |     9 |    75 ||    84
  Dodge: Dodged            |    56 |    51 ||   107

Table legend: (Time is in decaauts)
 A = Elapsed time spent in this place.
 B = Non-inter-level travel time spent in this place.
 C = Inter-level travel time spent in this place.
 D = Time resting spent in this place.
 E = Time spent auto-exploring this place.
 F = Levels seen in this place.
 G = Mean time per level.
                   A        B        C        D        E       F      G
               +--------+--------+--------+--------+--------+-----+--------+
         Total |   3296 |   3225 |     71 |    218 |   2287 |   4 |  824.0 |
       Dungeon |   3296 |   3225 |     71 |    218 |   2287 |   4 |  824.0 |
               +--------+--------+--------+--------+--------+-----+--------+

Top non-repeatable levels by time:
     D:2: 938 daAuts
     D:4: 928 daAuts
     D:3: 718 daAuts
     D:1: 710 daAuts
